Map: Jagannatha LE

Players

Swarm - Winner!

  • Race: Protoss Protoss
  • League: Diamond

BIllner

  • Race: Zerg Zerg

VOD

Have the link to the VOD?

Description

Time

  • Played on: April 22, 2021, 8:31 a.m.
  • Length: 17:04
Show
View Real Time Build Order
Export as new Build Order

Swarm Protoss - Winner!

Build Orders: 1 Gate Expand, Mass Adepts, Zealot Archon 

Get SALT Encoding   

  12  0:00  Probe  
  13  0:12  Probe (Chrono Boost)  
  14  0:18  Pylon  
  14  0:25  Probe (Chrono Boost)  
  15  0:34  Probe (Chrono Boost)  
  15  0:39  Gateway  
  16  0:44  Probe  
  16  0:48  Assimilator  
  17  0:56  Probe  
  18  1:09  Probe  
  19  1:21  Probe  
  20  1:26  Nexus  
  20  1:35  Cybernetics Core  
  20  1:39  Probe  
  21  1:48  Assimilator  
  21  1:51  Probe  
  22  1:54  Pylon  
  22  2:09  Stalker (Chrono Boost)  
  22  2:14  Warp Gate  
  24  2:19  Twilight Council  
  24  2:32  Adept  
  26  2:43  Robotics Facility  
  26  2:45  Resonating Glaives (Chrono Boost)  
  26  2:47  Probe  
  27  2:52  Gateway  
  27  3:10  Gateway  
  27  3:18  Gateway  
  27  3:27  Warp Prism (Chrono Boost)  
  29  3:45  Pylon  
  29  3:50  Probe x2  
  31  4:09  Adept x2  
  35  4:10  Adept  
  35  4:14  Probe  
  38  4:20  Probe  
  39  4:26  Probe  
  39  4:28  Adept  
  42  4:33  Adept x3  
  48  4:59  Adept x2  
  50  5:00  Adept x2  
  50  5:04  Pylon  
  50  5:06  Pylon  
  44  5:26  Adept x4  
  44  5:50  Adept x4  
  44  5:53  Probe (Chrono Boost)  
  44  5:54  Probe (Chrono Boost)  
  54  6:00  Templar Archives  
  54  6:03  Probe (Chrono Boost)  
  55  6:07  Probe (Chrono Boost)  
  55  6:08  Probe (Chrono Boost)  
  57  6:19  Probe x2  
  59  6:31  Probe  
  59  6:32  Probe  
  59  6:40  Adept x4  
  59  6:43  Probe  
  59  6:44  Probe  
  53  6:55  Probe  
  53  7:00  Immortal  
  54  7:03  Assimilator  
  54  7:04  High Templar x2  
  54  7:05  Adept x2  
  62  7:08  Archon  
  62  7:13  Probe x2  
  64  7:22  Pylon x2  
  64  7:24  Pylon  
  64  7:26  Gateway  
  64  7:28  Gateway  
  64  7:29  Probe  
  65  7:30  High Templar  
  65  7:31  Adept  
  69  7:46  Nexus  
  69  7:48  Pylon  
  69  7:51  High Templar  
  71  7:57  Gateway  
  71  8:00  Probe x2  
  71  8:02  Adept  
  75  8:08  Gateway  
  75  8:12  Shield Battery  
  75  8:13  Shield Battery  
  75  8:15  Archon  
  75  8:17  Sentry  
  77  8:20  Probe x2  
  77  8:23  High Templar  
  81  8:32  Blink (Chrono Boost)  
  81  8:39  Assimilator x2  
  81  8:46  Probe x2  
  81  8:47  Adept x4  
  91  8:59  Probe x2 (Chrono Boost)  
  91  9:00  Probe (Chrono Boost)  
  94  9:09  Probe x2 (Chrono Boost)  
  96  9:24  Adept x4  
  96  9:25  Zealot x3  
  108  9:34  Immortal (Chrono Boost)  
  110  9:45  Robotics Facility  
  110  9:47  Shield Battery  
  110  9:49  Shield Battery, Pylon  
  110  9:54  High Templar  
  110  9:56  Stalker x2  
  110  9:59  Archon  
  116  10:05  Pylon  
  116  10:08  Pylon  
  116  10:09  Immortal (Chrono Boost), Pylon  
  120  10:21  Stalker x2  
  122  10:23  Phoenix  
  122  10:25  Pylon  
  122  10:27  Pylon  
  122  10:28  Pylon  
  125  10:37  Observer (Chrono Boost), Probe x2  
  125  10:41  Immortal (Chrono Boost)  
  125  10:42  Forge  
  131  10:43  Probe  
  131  10:44  Forge  
  132  10:53  Probe x2  
  132  10:56  Stalker x3, Assimilator  
  140  11:02  Pylon  
  140  11:03  Probe  
  140  11:04  Pylon  
  141  11:08  Psionic Storm  
  141  11:17  Observer  
  142  11:25  High Templar x2  
  142  11:26  High Templar x2  
  142  11:31  Protoss Ground Weapons Level 1  
  144  11:49  Robotics Bay  
  144  11:50  High Templar  
  144  11:51  Zealot x2  
  144  11:52  Nexus  
  150  11:54  Pylon x2  
  150  12:07  Photon Cannon, Probe  
  150  12:08  Probe x2  
  153  12:11  Photon Cannon  
  153  12:12  Photon Cannon  
  153  12:15  Photon Cannon  
  153  12:18  Shield Battery  
  153  12:19  Probe  
  153  12:20  Probe x2  
  153  12:22  Charge (Chrono Boost), High Templar x2  
  160  12:23  Zealot x4  
  168  13:12  Stalker x4  
  164  13:40  Archon  
  156  13:53  Probe  
  149  13:57  Stalker x7  
  149  14:01  Stargate  
  151  14:04  Stargate  
  151  14:06  Stargate  
  151  14:10  Stargate  
  151  14:12  Stargate  
  151  14:37  Stalker x7  
  157  14:49  Void Ray x4  
  157  14:50  Void Ray  
  177  15:26  Void Ray x3  
  173  15:32  Assimilator  
  173  15:34  Assimilator  
  185  15:43  Nexus  
  185  15:46  Pylon  
  185  15:49  Pylon  
  185  16:01  Void Ray x2, Nexus  
  185  16:02  Pylon  
  185  16:03  Disruptor  
  185  16:04  Observer  
  189  16:05  Pylon  
  129  16:55  Zealot x7  
Show
View Real Time Build Order
Export as new Build Order

BIllner Zerg 

Build Orders: Hatch First 

Get SALT Encoding   

  12  0:00  Drone  
  13  0:12  Overlord  
  13  0:17  Drone  
  14  0:31  Drone x2  
  16  0:49  Hatchery  
  15  0:53  Drone  
  15  0:57  Drone  
  17  1:13  Spawning Pool  
  17  1:15  Drone  
  17  1:22  Drone, Extractor  
  17  1:28  Drone  
  17  1:29  Drone  
  19  1:40  Overlord  
  19  1:59  Drone  
  20  2:01  Queen x2  
  20  2:06  Drone x2  
  26  2:27  Hatchery  
  25  2:33  Metabolic Boost  
  25  2:43  Drone x3  
  28  2:54  Drone, Overlord  
  28  2:55  Drone  
  30  3:00  Drone x2  
  30  3:05  Pneumatized Carapace  
  32  3:16  Drone x3  
  32  3:17  Drone  
  36  3:23  Overlord  
  36  3:24  Drone  
  36  3:25  Drone  
  38  3:33  Baneling Nest  
  37  3:34  Queen  
  37  3:41  Drone x3  
  41  3:47  Drone x3  
  41  3:48  Drone  
  46  3:54  Queen  
  48  4:00  Lair  
  48  4:05  Zergling x6  
  51  4:12  Zergling x8  
  51  4:13  Zergling x2  
  56  4:20  Zergling x4  
  56  4:21  Overlord  
  58  4:27  Baneling x3  
  58  4:35  Overlord x2  
  56  4:43  Zergling x2  
  56  4:44  Zergling x8  
  56  4:45  Baneling x2  
  58  4:48  Zergling x10  
  51  5:00  Zergling x2  
  51  5:01  Zergling x8  
  52  5:08  Zergling x4  
  47  5:14  Zergling x2  
  47  5:15  Zergling x2  
  43  5:24  Zergling x6  
  35  5:41  Zergling x8  
  37  5:49  Drone x3  
  40  5:54  Zergling x2  
  41  6:01  Baneling x3  
  41  6:02  Baneling  
  41  6:06  Zergling x2  
  41  6:07  Zergling x10  
  47  6:15  Queen x2  
  47  6:18  Zergling x6  
  54  6:22  Zergling x4  
  56  6:26  Zergling x2  
  56  6:27  Zergling x2  
  55  6:38  Baneling x2  
  45  6:40  Zergling x6  
  47  6:53  Zergling x2  
  42  6:54  Zergling x6  
  42  6:59  Drone x2  
  43  7:06  Drone x2  
  45  7:16  Drone x4  
  49  7:26  Roach Warren  
  48  7:31  Drone x3  
  51  7:44  Extractor  
  50  8:06  Roach x10  
  50  8:08  Zergling x4  
  72  8:13  Roach  
  72  8:14  Zergling x2  
  72  8:16  Zergling x2  
  76  8:26  Drone x5  
  81  8:28  Drone  
  81  8:32  Overlord  
  82  8:44  Overlord  
  82  8:47  Overseer  
  82  8:56  Drone x6  
  82  8:57  Drone x2  
  82  9:01  Extractor  
  89  9:05  Drone  
  89  9:06  Drone x5  
  95  9:11  Extractor  
  94  9:18  Drone x4  
  94  9:23  Overlord  
  97  9:33  Drone  
  97  9:34  Drone  
  97  9:35  Overlord x4  
  97  9:36  Overlord  
  98  9:47  Drone x2, Spire  
  98  9:48  Drone  
  98  9:50  Drone x4, Infestation Pit  
  98  9:51  Drone  
  104  10:04  Drone x2  
  104  10:06  Drone x6  
  112  10:08  Extractor  
  112  10:09  Extractor  
  110  10:23  Hatchery  
  109  10:30  Hive  
  109  10:32  Overseer  
  109  10:35  Glial Reconstitution  
  109  10:37  Ravager x4  
  109  10:41  Roach x3  
  119  10:47  Roach x3  
  119  10:48  Roach x2  
  129  10:56  Overlord x3  
  129  10:57  Overlord x3  
  129  11:22  Drone x3  
  129  11:23  Drone x4  
  135  11:41  Extractor  
  135  11:42  Extractor  
  133  11:49  Drone  
  133  11:52  Corruptor x4, Greater Spire  
  133  11:53  Corruptor x5  
  152  12:22  Roach x5  
  164  12:23  Roach x6  
  164  12:28  Evolution Chamber  
  173  12:30  Evolution Chamber  
  170  13:03  Brood Lord x5  
  170  13:04  Brood Lord x3  
  186  13:05  Zergling x2  
  186  13:06  Zergling x26  
  178  13:30  Roach  
  142  13:34  Roach  
  142  13:35  Roach x19  
  166  13:44  Roach  
  166  13:45  Roach x3  
  153  13:50  Ravager x2  
  149  13:58  Drone x4  
  153  14:15  Drone x5  
  158  14:22  Hatchery  
  153  14:34  Drone x4  
  157  14:50  Drone x2  
  157  14:51  Drone x4  
  163  14:56  Drone x2  
  164  15:12  Zergling x6  
  165  15:29  Drone x8  
  173  15:39  Drone x2  
  173  15:40  Drone x2  
  177  15:46  Overlord  
  177  15:51  Extractor  
  177  15:55  Ravager x8  
  184  15:58  Overlord  
  184  16:12  Overseer  
Tags
 
Add a new tag
Caveats
  • Supply blocks, unpowered buildings, or Contaminate may cause inaccurate times.
  • Supply counts are checked every 10 seconds.